 Dungeon Crawl Stone Soup version 0.30.1 (webtiles) character file.

Game seed: 9330922037785813099

518 GimliDwarf the Stinger (level 7, -1/38 HPs)
             Began as a Tengu Venom Mage on July 7, 2023.
             Was a Follower of Dithmenos.
             Succumbed to an orc wizard's poison
             ... on level 4 of the Dungeon.
             The game lasted 00:11:03 (4106 turns).

GimliDwarf the Stinger (Tengu Venom Mage)           Turns: 4106, Time: 00:11:03

Health: -1/38      AC:  3    Str:  8    XL:     7   Next: 21%
Magic:  6/13       EV: 14    Int: 17    God:    Dithmenos [*.....]
Gold:   485        SH:  0    Dex: 15    Spells: 5/12 levels left

rFire   . . .        c - +2 short sword (holy)
rCold   . . .        (no shield)
rNeg    + . .        a - +0 robe
rPois   .            (helmet restricted)
rElec   .            j - +0 cloak
rCorr   .            (no gloves)
SInv    .            (boots unavailable)
Will    .....        (no amulet)
Stlth   +++          f - ring of positive energy
HPRegen 0.26/turn    (no ring)
MPRegen 0.13/turn

%: no passive effects
@: lethally poisoned (-1 -> -21), flying quickly and evasively, wreathed by
umbra, quick
A: beak, talons 3, nimble flight
a: Renounce Religion


You were on level 4 of the Dungeon.
You worshipped Dithmenos.
Dithmenos was aware of your devotion.
You visited 1 branch of the dungeon, and saw 4 of its levels.
You also visited: Ossuary.

You collected 485 gold pieces.

Inventory:

Hand Weapons
 c - a +2 short sword of holy wrath (weapon)
Armour
 a - a +0 robe (worn)
 j - a +0 cloak (worn)
 r - the +0 leather armour of Viny Wonder {Harm rCorr Int+3}
   (You found it on level 4 of the Dungeon)

   Int:       It affects your intelligence (+3).
   rCorr:     It protects you from acid and corrosion.
   Harm:      It increases damage dealt and taken.
Jewellery
 f - a ring of positive energy (left hand)
Scrolls
 e - 2 scrolls of fear {unknown}
 n - 2 scrolls of amnesia {unknown}
 o - 2 scrolls of identify {unknown}
 p - 2 scrolls of teleportation {unknown}
 s - a scroll of brand weapon {unknown}
Potions
 b - a potion of magic
 d - a potion of lignification {unknown}
 g - 2 potions of attraction {unknown}
 h - a potion of haste {unknown}
 i - 2 potions of invisibility {unknown}
 k - a potion of berserk rage {unknown}
 l - a potion of heal wounds {unknown}
 m - a potion of mutation {unknown}
 q - a potion of ambrosia {unknown}


   Skills:
 + Level 1.1 Fighting
 * Level 4.0 Short Blades
 - Level 2.1 Dodging
 * Level 3.9 Stealth
 + Level 3.4 Spellcasting
 + Level 1.2 Transmutations
 + Level 2.7 Air Magic
 + Level 4.2 Poison Magic


You had 5 spell levels left.
You knew the following spells:

 Your Spells              Type           Power      Damage    Failure   Level
a - Sting                 Tmut/Pois      48%        1d5       5%          1
b - Poisonous Vapours     Pois/Air       28%        N/A       6%          2
c - Mephitic Cloud        Conj/Pois/Air  10%        N/A       19%         3
d - Beastly Appendage     Tmut           14%        N/A       11%         1

Your spell library contained the following spells:

 Spells                   Type           Power      Damage    Failure   Level
 Wereblood                Tmut           7%         N/A       16%         2
 Spider Form              Tmut/Pois      12%        N/A       16%         3
 Olgreb's Toxic Radiance  Pois           17%        N/A       28%         4


Dungeon Overview and Level Annotations

Branches:
Dungeon (4/15)            Ossuary (visited)
 Temple: D:4-7

Altars:
Dithmenos
Kikubaaqudgha
Uskayaw

Shops:
D:2 (   D:3 (


Innate Abilities, Weirdness & Mutations

You have a beak for a mouth.
You have claws for feet.
Your magical nature lets you fly swiftly and evasively.


Message History

The orc wizard flickers and vanishes!
Something tries to affect you, but you resist.
The orc wizard shouts!
Aiming: Poisonous Vapours (safe; 6% risk of failure)
Press: ? - help, Q - select action, (/) - cycle Dir - move target, f/p - orc wizard
Aim: an orc wizard, wielding a +0 dagger and wearing a +0 robe (heavily wounded) Poisonous vapours surround the orc wizard!
The orc wizard is poisoned.
An orc comes into view. It is wielding a +0 flail.
You hear some strange, mumbled words.
A magic dart appears from out of thin air!
The magic dart hits you. Something hits you but does no damage.
The orc wizard points at you and mumbles some strange words.
The puff of flame hits you.
You hit the orc wizard.
The orc wizard is almost dead.
You kill the orc wizard!
Dithmenos accepts your kill. Something hits you. x2
You are poisoned.
Aiming: Poisonous Vapours (safe; 6% risk of failure)
Press: ? - help, Q - select action, (/) - cycle Dir - move target Poisonous vapours surround something!
You feel sick. Something hits you. x2
You are more poisoned.
The orc throws a stone.
The stone hits you.
You hit something but do no damage. Your kick misses something.
* * * LOW HITPOINT WARNING * * *
You feel very sick. Something hits you but does no damage.
The orc throws a stone.
The stone barely misses you. Something hits you.
* * * LOW HITPOINT WARNING * * *
You are more poisoned.
Okay, then.
Okay, then.
You closely miss something. Your kick misses something.
* * * LOW HITPOINT WARNING * * *
You feel very sick.
You miss something. You claw something.
You die...

##.###.........#...#.....#
###..###.....♣.♣.......♣.♣..
#.................♣.♣.......
##.##.####...#...#.....#...#.
#..†..# #.o...♣....#....♣...
####### #...#...#.....#...#.
#.........♣.♣.......
#.).{♣.♣.......♣.♣..
#..@.....#...#.....#
#...#.#....♣....#...
#...#....#...#.....#
#...##.♣...#...♣.♣..
#.........####.....#
#...#.....# #######
###########


You could see an orc.

Vanquished Creatures
  A black bear (D:3)
  2 elf zombies (Ossuary)
  A howler monkey (D:4)
  An orc priest (D:3)
  Jessica (D:3)
  3 orc wizards
  2 mummies (Ossuary)
  An adder (D:2)
  2 worms (D:2)
  3 dart slugs
  5 orcs
  8 ball pythons
  9 bats
  8 endoplasms
  4 giant cockroaches
  8 hobgoblins
  3 jackals (D:3)
  5 kobolds
  5 quokkas
  5 frilled lizards
  4 gnoll zombies (Ossuary)
  2 goblins
  3 goblin zombies (Ossuary)
  4 hobgoblin zombies (Ossuary)
  An orc zombie (Ossuary)
  5 rats
96 creatures vanquished.

Notes
Turn   | Place    | Note
-------+----------+-------------------------------------------
     0 | D:1      | GimliDwarf the Tengu Venom Mage began the quest for the
                  | Orb.
     0 | D:1      | Reached XP level 1. HP: 10/10 MP: 4/4
   311 | D:1      | Reached skill level 1 in Short Blades
   311 | D:1      | Reached XP level 2. HP: 15/15 MP: 0/6
   679 | D:1      | Reached skill level 1 in Transmutations
  1059 | D:1      | Reached XP level 3. HP: 19/19 MP: 5/7
  1211 | D:2      | Found a faded altar of an unknown god.
  1384 | D:2      | Learned a level 2 spell: Poisonous Vapours
  1777 | D:2      | Found Vuatoitoh's Antique Weapon Shoppe.
  1917 | D:2      | Reached XP level 4. HP: 24/24 MP: 8/8
  2312 | D:3      | Learned a level 3 spell: Mephitic Cloud
  2374 | D:3      | Found Feux's Weapon Boutique.
  2374 | D:3      | Noticed a +0 demon whip
  2374 | D:3      | Noticed a +0 giant club
  2422 | D:3      | HP: 1/24 [something (1)]
  2427 | D:3      | Reached skill level 1 in Air Magic
  2427 | D:3      | Gained mutation: Your magical nature lets you fly swiftly
                  | and evasively. [Tengu growth]
  2427 | D:3      | Reached XP level 5. HP: 2/28 MP: 3/10
  2728 | D:3      | Noticed Jessica
  2729 | D:3      | Noticed a black bear
  2749 | D:3      | Killed Jessica
  2834 | D:3      | Found an ancient bone altar of Kikubaaqudgha.
  2836 | D:3      | Found a shadowy altar of Dithmenos.
  2893 | D:3      | Became a worshipper of Dithmenos the Shadowed
  3185 | D:3      | Found a hide-covered altar of Uskayaw.
  3241 | D:3      | Killed a black bear
  3242 | D:3      | Reached XP level 6. HP: 33/33 MP: 2/11
  3577 | D:4      | Identified the +6 short sword of the New World {freeze, rC+
                  | Will- Str+3}
  3623 | D:4      | Identified the +0 leather armour of Viny Wonder {Harm rCorr
                  | Int+3}
  3712 | D:4      | Found a sand-covered staircase.
  3721 | Ossuary  | Entered an ossuary
  3724 | Ossuary  | Learned a level 1 spell: Beastly Appendage
  3844 | Ossuary  | Reached * piety under Dithmenos
  3852 | Ossuary  | Reached skill level 1 in Fighting
  3852 | Ossuary  | Reached XP level 7. HP: 26/38 MP: 11/13
  4106 | D:4      | Succumbed to an orc wizard's poison

Illustrated notes

Levels and vault maps discovered:
D:1:      dpeg_cavernosity, layout_basic, nrook_uturn, minmay_tetromino_t2
D:2:      layout_basic, serial_shops, nicolae_shop_overgrown_old_shop,
          nicolae_ecumenical_pavilion
D:3:      layout_loops_ring, mainiacjoe_overflow_alcove_4,
          mainiacjoe_overflow_catwalk_spiral, serial_shops,
          nicolae_shop_mannequins, hangedman_decor_clover_reticule,
          st_stairs_14, uniq_jessica
D:4:      layout_basic, chequers_ossuary_entry_cave, minmay_misc_feat_doors,
          nicolae_kite_square_tiling_tiny, minmay_bisected

Skill      XL: |  1  2  3  4  5  6  7 |
---------------+----------------------+-----
Short Blades   | 1 2 3 4 |  4.0
Transmutations | 1 |  1.2
Air Magic      | 1 2 |  2.7
Stealth        | 3 |  3.9
Spellcasting   | 3 |  3.4
Poison Magic   | 4 |  4.2
Fighting       | 1 |  1.1
Dodging        | |  2.1

Action                     |  1- 3 |  4- 6 |  7- 9 || total
---------------------------+-------+-------+-------++-------
  Melee: Short sword       |    28 |   137 |    17 ||   182
         Kick              |     4 |    33 |     5 ||    42
         Peck              |     4 |    20 |       ||    24
         Punch             |     1 |     1 |       ||     2
   Cast: Sting             |    47 |       |       ||    47
         Poisonous Vapours |     9 |    38 |     5 ||    52
   Stab: Sleeping          |     4 |     4 |     2 ||    10
 Armour: Robe              |    20 |    22 |     2 ||    44
  Dodge: Dodged            |    34 |    69 |     3 ||   106
